Map: 팔라디노 터미널 - 래더

Players

jjakji - Winner!

  • Race: Terran Terran
  • Spawn Location: 9:00

Impact

  • Race: Zerg Zerg
  • Spawn Location: 5:00

Event: IEM XI Katowice - World Championship 2017

VOD

Have the link to the VOD?

Description

Time

  • Played on: Feb. 28, 2017, 9 a.m.
  • Length: 10:38

All games in this series

Show
View Real Time Build Order
Export as new Build Order

jjakji Terran - Winner!

Build Orders: MMM Bio 

Get SALT Encoding   

  12  0:00  SCV  
  13  0:12  SCV  
  14  0:18  Supply Depot  
  14  0:24  SCV  
  15  0:39  SCV  
  15  0:41  Barracks  
  16  0:45  Refinery  
  16  0:52  SCV  
  17  1:01  Barracks  
  17  1:05  SCV  
  18  1:17  SCV  
  19  1:29  Reaper, Orbital Command  
  20  1:37  Barracks  
  20  1:43  Refinery  
  20  1:49  Reaper  
  21  1:56  Supply Depot  
  21  2:00  SCV  
  22  2:06  Reaper  
  23  2:14  Supply Depot  
  23  2:18  SCV  
  25  2:25  Reaper  
  26  2:30  SCV  
  27  2:38  Reaper  
  27  2:42  SCV  
  29  2:49  Marine  
  29  2:51  Factory  
  29  2:54  SCV  
  29  2:57  Marine  
  31  3:04  Bunker  
  31  3:06  SCV  
  31  3:07  Marine  
  31  3:10  Marine  
  34  3:14  Bunker  
  34  3:15  Marine  
  34  3:18  SCV  
  36  3:32  Command Center  
  36  3:35  Barracks Tech Lab  
  36  3:38  SCV  
  37  3:44  Barracks Reactor x2  
  37  3:48  Supply Depot  
  37  3:50  SCV  
  37  3:55  Stimpack  
  38  4:01  Starport  
  38  4:05  Factory Reactor  
  38  4:07  SCV  
  40  4:13  Marauder  
  41  4:19  SCV  
  41  4:21  Marine x2  
  41  4:23  Marine  
  43  4:25  Marine  
  44  4:31  Supply Depot  
  44  4:33  SCV  
  44  4:36  Marine  
  46  4:39  Marine  
  46  4:44  Marine x2  
  46  4:45  Marine  
  50  4:49  Medivac  
  52  4:55  Medivac  
  52  4:58  Marine x2  
  56  5:04  Marine  
  56  5:06  Marine  
  57  5:15  Marine  
  57  5:16  Marine x2  
  57  5:19  SCV  
  61  5:21  Supply Depot  
  61  5:27  Marine x2  
  63  5:29  Factory Tech Lab  
  63  5:31  SCV  
  63  5:33  Marine  
  65  5:39  Orbital Command  
  65  5:48  Marine  
  66  5:55  Combat Shields  
  65  5:57  Marine x4  
  65  6:03  Siege Tank  
  72  6:06  Marine  
  72  6:11  SCV  
  72  6:15  Marine x4, SCV  
  78  6:26  Supply Depot  
  78  6:29  Supply Depot  
  78  6:47  Supply Depot, Medivac, Viking, Marine x4  
  78  6:50  Marine, Siege Tank  
  78  6:53  Supply Depot  
  90  6:56  SCV, Refinery, Engineering Bay  
  90  6:57  SCV  
  92  7:07  Marine x2  
  92  7:08  Supply Depot  
  94  7:09  Supply Depot, Marine  
  94  7:11  Marine x2  
  97  7:22  Siege Tank  
  100  7:24  Unknown  
  100  7:25  Terran Infantry Weapons Level 1  
  100  7:27  SCV  
  100  7:28  Missile Turret  
  101  7:33  SCV  
  101  7:35  Supply Depot  
  102  7:38  Marauder  
  102  7:39  Marine x2  
  102  7:42  Marine  
  102  7:43  Marine  
  108  7:51  Medivac  
  110  7:53  Medivac  
  110  7:54  Siege Tank  
  114  8:00  Marine x2, Marauder  
  114  8:01  Marine  
  114  8:03  Marine  
  119  8:14  Supply Depot  
  119  8:16  SCV x2  
  119  8:17  Refinery  
  119  8:18  Marine  
  119  8:19  Missile Turret  
  122  8:20  Unknown  
  122  8:21  Marauder, Medivac  
  122  8:26  Marine x3  
  129  8:35  Marine  
  129  8:38  Siege Tank  
  132  8:42  Marine  
  132  8:44  Marine  
  134  8:50  Marine x2  
  134  8:53  Marine  
  134  8:55  Supply Depot  
  136  8:56  Supply Depot  
  136  8:57  Medivac  
  136  9:00  Marauder  
  136  9:01  Medivac  
  132  9:19  Marine x2  
  132  9:21  Marine  
  132  9:22  Marauder  
  121  9:30  Marine  
  120  9:36  Marine  
  120  9:37  Marine  
  112  9:43  Marauder, Medivac  
  112  9:44  Medivac  
  110  9:55  Marine x2  
  110  9:56  Marine  
  110  9:57  Siege Tank  
  114  10:05  Marauder  
  116  10:10  Marine  
  116  10:13  Marine x2  
Show
View Real Time Build Order
Export as new Build Order

Impact Zerg 

Build Orders: Pool First 

Get SALT Encoding   

  12  0:00  Drone  
  13  0:13  Overlord  
  13  0:18  Drone  
  14  0:31  Drone x2  
  17  0:35  Drone  
  17  0:45  Extractor  
  17  0:47  Spawning Pool  
  15  0:51  Drone  
  15  0:56  Drone  
  17  1:07  Drone  
  18  1:22  Hatchery  
  17  1:26  Drone  
  18  1:34  Zergling x2  
  19  1:41  Queen  
  19  1:45  Drone  
  22  1:55  Roach Warren  
  22  2:00  Drone  
  22  2:07  Overlord  
  22  2:25  Queen  
  24  2:35  Roach x3  
  30  2:39  Roach  
  32  2:50  Roach  
  32  2:51  Roach  
  36  3:11  Overlord  
  36  3:20  Overlord  
  36  3:30  Drone x5  
  36  3:32  Overlord  
  41  3:36  Overlord  
  41  3:44  Ravager  
  41  3:45  Ravager x2  
  44  3:51  Drone  
  44  3:53  Drone  
  44  3:55  Drone, Ravager  
  48  3:57  Drone  
  48  3:59  Drone  
  50  4:04  Drone  
  50  4:07  Drone  
  52  4:11  Overlord  
  52  4:13  Drone  
  52  4:15  Drone  
  55  4:17  Drone  
  55  4:25  Drone x2  
  57  4:32  Lair  
  57  4:33  Extractor x2, Drone  
  57  4:36  Drone  
  57  4:40  Drone x2  
  57  4:43  Overlord  
  59  4:46  Drone  
  59  4:47  Drone  
  59  4:48  Drone  
  59  4:51  Roach  
  64  4:55  Roach  
  64  4:59  Roach  
  68  5:02  Drone x3  
  68  5:03  Drone  
  68  5:04  Extractor  
  68  5:07  Roach  
  73  5:10  Roach  
  75  5:16  Overlord  
  75  5:17  Overlord  
  75  5:20  Drone  
  76  5:33  Glial Reconstitution, Burrow  
  76  5:35  Roach x2  
  79  5:38  Roach  
  79  5:42  Overseer  
  81  5:45  Hatchery  
  81  5:48  Roach  
  82  5:50  Roach  
  82  5:54  Overlord  
  84  5:58  Overlord  
  84  5:59  Overlord  
  84  6:04  Overlord  
  84  6:07  Overlord  
  84  6:16  Roach  
  84  6:17  Roach x3  
  92  6:19  Roach  
  92  6:25  Overseer, Roach  
  96  6:28  Roach  
  96  6:29  Roach  
  100  6:38  Roach  
  102  6:40  Roach  
  102  6:42  Roach  
  102  6:43  Roach  
  108  6:52  Tunneling Claws  
  112  6:54  Roach x2  
  112  6:59  Queen  
  116  7:01  Roach x2  
  116  7:04  Roach x2  
  122  7:11  Evolution Chamber  
  122  7:13  Evolution Chamber, Ravager  
  123  7:15  Roach  
  123  7:18  Roach x2  
  127  7:24  Roach  
  127  7:25  Overlord  
  127  7:29  Overlord  
  129  7:38  Zerg Missile Weapons Level 1, Zerg Ground Armor Level 1  
  129  7:45  Drone  
  129  7:46  Overlord  
  129  7:50  Drone  
  131  7:51  Drone  
  131  7:52  Drone  
  131  7:54  Overlord  
  131  7:57  Drone  
  134  7:59  Drone x2  
  134  8:02  Drone  
  134  8:04  Drone  
  138  8:06  Drone  
  138  8:08  Drone  
  138  8:09  Drone  
  138  8:10  Drone  
  138  8:11  Drone  
  143  8:16  Drone  
  143  8:19  Overlord  
  144  8:24  Roach x3  
  152  8:27  Roach  
  152  8:32  Roach  
  152  8:34  Overlord  
  154  8:35  Overlord  
  154  8:39  Overlord  
  154  8:41  Overlord  
  154  8:46  Overlord x2  
  154  8:47  Overlord  
  154  8:51  Roach x12  
  154  8:54  Roach x9  
  154  9:01  Overlord, Roach x4  
  162  9:05  Ravager  
  150  9:10  Roach x5  
  150  9:15  Roach x2  
  138  9:20  Drone x3  
  138  9:23  Drone  
  131  9:24  Drone  
  131  9:27  Drone  
  99  9:43  Drone  
  99  9:44  Drone  
  95  9:46  Ravager  
  91  9:53  Drone  
  91  9:55  Drone  
  91  9:58  Drone  
  94  10:02  Drone  
  92  10:13  Drone  
  93  10:16  Drone  

Tags
 
Add a new tag
Caveats
  • Supply blocks, unpowered buildings, or Contaminate may cause inaccurate times.
  • Supply counts are checked every 10 seconds.